 Dungeon Crawl Stone Soup version 0.14-a0-942-gbd853f2 (webtiles) character file.

160 PolkaDot the Ruinous (level 3, -10/24 HPs)
             Began as a Vampire Conjurer on Nov 19, 2013.
             Killed by divine providence
             ... invoked by an orc priest
              (11 damage)
             ... on Level 3 of the Dungeon.
             The game lasted 00:05:10 (1625 turns).

PolkaDot the Ruinous (Vampire Conjurer)             Turns: 1625, Time: 00:05:10

HP -10/24        AC  2     Str  7      XL: 3   Next: 21%
MP   6/6         EV 12     Int 18      God:
Gold 123         SH  0     Dex 14      Spells:  2 memorised,  1 level left

Res.Fire  : . . .   See Invis. : +   (no weapon)
Res.Cold  : . . .   Warding    : .   a - +0 robe
Life Prot.: + . .   Conserve   : .   (no shield)
Res.Poison: .       Res.Corr.  : .   (no helmet)
Res.Elec. : .       Clarity    : .   (no cloak)
Sust.Abil.: . .     Spirit.Shd : .   (no gloves)
Res.Mut.  : .       Stasis     : +   (no boots)
Res.Rott. : .       Flight     : .   f - amulet of stasis {unknown}
Saprovore : . . .                    (no ring)
                                     n - ring of wizardry

@: slightly resistant to hostile enchantments, stealthy
A: fangs 3, see invisible, unbreathing
a: Bat Form


You were on level 3 of the Dungeon.
You were not thirsty.

You visited 1 branch of the dungeon, and saw 3 of its levels.

You collected 123 gold pieces.

Inventory:

Armour
 a - a +0 robe (worn)
Scrolls
 d - 3 scrolls of blinking {unknown}
 e - a scroll of enchant armour {unknown}
 g - a scroll of noise {unknown}
 j - 3 scrolls of identify {unknown}
 k - a scroll of curse armour {unknown}
 m - a scroll of random uselessness {unknown}
 p - a scroll of curse jewellery {unknown}
Jewellery
 f - an amulet of stasis (around neck) {unknown}
 n - a ring of wizardry (left hand)
Potions
 b - a potion of blood
 h - a potion of resistance {unknown}
 i - a potion of curing {unknown}
 l - a potion of paralysis {unknown}
 o - a potion of restore abilities {unknown}
Books
 c - a book of Conjurations

   Spells                             Type                      Level
   *Magic Dart                        Conjuration                  1
   *Searing Ray                       Conjuration                  2
   Dazzling Spray                     Conjuration/Hexes            3
   Iskenderun's Mystic Blast          Conjuration                  4
   Iskenderun's Battlesphere          Conjuration/Charms           4
   Fulminant Prism                    Conjuration/Hexes            5


   Skills:
 - Level 2.1 Dodging
 - Level 3.0 Stealth
 - Level 1.0 Spellcasting
 * Level 3.8 Conjurations


You had one spell level left.
You knew the following spells:

 Your Spells              Type           Power        Failure   Level  Hunger
a - Magic Dart            Conj           ##..         1%          1    ##.....
s - Searing Ray           Conj           ##....       3%          2    ###....


Dungeon Overview and Level Annotations

Branches:
Dungeon (3/16)

Altars:


Innate Abilities, Weirdness & Mutations

You have razor-sharp teeth.*
You have supernaturally acute eyesight.
You can survive without breathing.*


Message History

The orc barely misses you. The orc closely misses you.
The orc barely misses you.
The orc hits you from afar with an orcish trident.
* * * LOW HITPOINT WARNING * * *
Found a scroll labeled YPOARH YXTUE.
A giant newt comes into view.
The orc completely misses you.
Found an orcish chain mail.
An orc comes into view. It is wielding an orcish mace.
The giant newt bites you.
* * * LOW HITPOINT WARNING * * *
An orc priest comes into view. It is wielding an orcish mace.
The orc shouts!
The orc priest shouts!
The orc priest moves out of view.
The orc throws a poisoned tomahawk.
The poisoned tomahawk misses you.
An orc comes into view. It is wielding an orcish hand axe.
You see here a poisoned tomahawk.
The orc priest calls down the wrath of Beogh upon you.
Something smites you!
You die...

### ......... ...
........... .....?.
.....[........
........................
........................
........................
.............?.........[.
..............oo@........
............oo.ol........
..<.........o...........
........................
.....................###
##################...# #
...# #


o.o # o You could see an orc priest, 7 orcs and a giant newt.

Vanquished Creatures
  An adder (D:1)
  A worm (D:2)
  3 bats
  2 hobgoblins (D:1)
  2 kobolds
  2 giant cockroaches
  A giant newt (D:1)
  8 goblins
  4 rats
24 creatures vanquished.

Notes
Turn   | Place    | Note
--------------------------------------------------------------
     0 | D:1      | PolkaDot, the Vampire Conjurer, began the quest for the Orb.
     0 | D:1      | Reached XP level 1. HP: 13/13 MP: 4/4
   348 | D:1      | Reached XP level 2. HP: 19/19 MP: 2/5
   695 | D:1      | Learned a level 2 spell: Searing Ray
  1210 | D:2      | Reached XP level 3. HP: 24/24 MP: 1/6
  1611 | D:3      | HP: 1/24 [orc/orcish trident (5)]
  1623 | D:3      | HP: 1/24 [giant newt (1)]
  1625 | D:3      | Killed from afar by an orc priest

Action                   || total
-------------------------++-------
Melee: Unarmed           ||     8
 Cast: Magic Dart        ||    39
       Searing Ray       ||     1
